[Event "Titled Tuesday Blitz December 27 Early 2022"]
[White "Gabdrakhmanov, Azat"]
[Black "Golizadeh, Asghar"]
[WhiteFideId "34189197"]
[BlackFideId "12505269"]
[WhiteElo "2316"]
[BlackElo "2455"]
[Result "0-1"]
[Round "01"]
[TimeControl "180+2"]
[Date "2022.12.27"]
[WhiteClock "0:00:01"]
[BlackClock "0:00:04"]

1. e4 c5 2. Nf3 e6 3. d4 cxd4 4. Nxd4 a6 5. c4 Nf6 6. Nc3 Qc7 7. Bd3 Bb4 8. O-O Bxc3 9. bxc3 d6 10. f4 Nbd7 11. Kh1 O-O 12. Qe2 b6 13. Rb1 Bb7 14. Re1 Nc5 15. e5 Nxd3 16. Qxd3 dxe5 17. fxe5 Nd7 18. Qg3 Kh8 19. Ba3 Nc5 20. Nb3 Rac8 21. Nxc5 bxc5 22. Bxc5 Bxg2+ 23. Qxg2 Qxc5 24. Rb4 a5 25. Rb5 Qxc4 26. Rxa5 Qxc3 27. Rg1 g6 28. Rb5 Rb8 29. Rxb8 Rxb8 30. Qe4 Rb2 31. a4 Qd2 32. Rg2 Qd1+ 33. Rg1 Qb3 34. Rg2 Rb1+ 35. Rg1 Qb7 0-1


[Site "https://www.chess.com"]

[Event "Titled Tuesday Blitz December 27 Early 2022"]
[White "Garcia Almaguer, Juan Manuel"]
[Black "Movahed, Sina"]
[WhiteFideId "5110491"]
[BlackFideId "42520835"]
[WhiteElo "2090"]
[BlackElo "2340"]
[Result "0-1"]
[Round "01"]
[TimeControl "180+2"]
[Date "2022.12.27"]
[WhiteClock "0:00:31"]
[BlackClock "0:01:29"]

1. e4 c5 2. Nf3 d6 3. d4 cxd4 4. Nxd4 Nf6 5. Nc3 g6 6. Be3 Bg7 7. f3 O-O 8. Bc4 Nc6 9. Nde2 Bd7 10. a3 Ne5 11. Ba2 b5 12. O-O a5 13. Nd5 Nxd5 14. Bxd5 Rc8 15. Bd4 Qc7 16. Rc1 b4 17. axb4 axb4 18. Kh1 Bb5 19. Re1 e6 20. Bb3 h5 21. Ra1 h4 22. Ra7 Qb8 23. Ng1 Bc4 24. Ba4 d5 25. b3 Bb5 26. exd5 Bxa4 27. Rxa4 exd5 28. Qd2 Nc6 29. Bxg7 Kxg7 30. Qxd5 Qc7 31. Qg5 Qd8 32. Qxd8 Rfxd8 33. f4 Nd4 34. Nf3 Nxf3 35. gxf3 Rxc2 36. Rxb4 Rdd2 37. Rb7 Rxh2+ 38. Kg1 Rcg2+ 39. Kf1 h3 0-1


[Site "https://www.chess.com"]

[Event "Titled Tuesday Blitz December 27 Early 2022"]
[White "Gerbelli Neto, Eduardo"]
[Black "Kozak, Antoni"]
[WhiteFideId "2103281"]
[BlackFideId "21832030"]
[WhiteElo "2114"]
[BlackElo "2422"]
[Result "0-1"]
[Round "01"]
[TimeControl "180+2"]
[Date "2022.12.27"]
[WhiteClock "0:00:33"]
[BlackClock "0:02:07"]

1. e4 c5 2. Nc3 a6 3. f4 b5 4. g3 Bb7 5. d3 e6 6. Nf3 b4 7. Nb1 d5 8. Nbd2 Nc6 9. Qe2 Nf6 10. Bg2 Be7 11. c3 a5 12. O-O O-O 13. e5 Nd7 14. Re1 a4 15. c4 Nb6 16. h3 Qd7 17. b3 Rfd8 18. Rd1 dxc4 19. Nxc4 Nd4 20. Nxd4 Nxc4 21. dxc4 Bxg2 22. Kxg2 cxd4 23. Bb2 d3 24. Qf3 Bc5 25. Rd2 a3 26. Bc1 Qd4 0-1


[Site "https://www.chess.com"]

[Event "Titled Tuesday Blitz December 27 Early 2022"]
[White "Goltsev, Dmitry"]
[Black "Lorenzo De La Riva, Lazaro"]
[WhiteFideId "24176710"]
[BlackFideId "2268809"]
[WhiteElo "2269"]
[BlackElo "2404"]
[Result "0-1"]
[Round "01"]
[TimeControl "180+2"]
[Date "2022.12.27"]
[WhiteClock "0:00:01"]
[BlackClock "0:00:12"]

1. e4 e5 2. Nf3 Nc6 3. Bb5 Nf6 4. O-O Nxe4 5. d4 Nd6 6. Bxc6 dxc6 7. dxe5 Nf5 8. Qxd8+ Kxd8 9. Rd1+ Ke8 10. Bg5 Ne7 11. Nc3 h6 12. Bh4 b6 13. Ne4 Bf5 14. Nfd2 Ng6 15. Bg3 Be7 16. Re1 Be6 17. Nf3 c5 18. b3 Kd7 19. Rad1+ Kc6 20. c4 Rad8 21. Nc3 Rxd1 22. Rxd1 Rd8 23. Rxd8 Bxd8 24. Nd2 Bg5 25. Nde4 Bc1 26. Kf1 Ne7 27. Ke1 Nf5 28. Kd1 Bb2 29. Kc2 Ba1 30. Bf4 a6 31. Kb1 Bxc3 32. Nxc3 Nd4 33. Be3 Nf5 34. Nd1 b5 35. cxb5+ axb5 36. Kb2 b4 37. f4 h5 38. Bf2 Bd5 39. g3 Kb5 40. Kc1 c4 41. bxc4+ Bxc4 42. Kb2 Bf1 43. Bg1 c5 44. a3 bxa3+ 45. Kxa3 Kc4 46. Nb2+ Kd5 47. Na4 Nd4 48. Kb2 c4 49. Bf2 Nf3 50. Nc3+ Ke6 51. h4 f6 52. exf6 gxf6 53. Ne4 Kf5 54. Nd6+ Kg4 55. Ne8 f5 56. Nf6+ Kh3 57. Nxh5 Kg2 58. Be3 Ne1 59. Kc3 Nd3 60. Nf6 Kf3 61. h5 Kxe3 62. h6 Nc5 63. h7 Na4+ 64. Kb4 c3 65. Nd5+ Kd3 66. h8=Q c2 67. Qc8 Kd2 68. Kxa4 Kd1 0-1


[Site "https://www.chess.com"]

[Event "Titled Tuesday Blitz December 27 Early 2022"]
[White "Goltseva, Ekaterina"]
[Black "Hartikainen, Jarmo"]
[WhiteFideId "24173770"]
[BlackFideId "503134"]
[WhiteElo "2283"]
[BlackElo "2108"]
[Result "1-0"]
[Round "01"]
[TimeControl "180+2"]
[Date "2022.12.27"]
[WhiteClock "0:00:10"]
[BlackClock "0:00:12"]

1. d4 Nf6 2. c4 g6 3. Nc3 d5 4. Nf3 Bg7 5. h4 h5 6. Bg5 Ne4 7. cxd5 Nxc3 8. bxc3 Qxd5 9. Qb3 Qxb3 10. axb3 c5 11. e3 cxd4 12. exd4 O-O 13. Bc4 Nc6 14. O-O Bg4 15. Nd2 Rfe8 16. Rfe1 a6 17. Ne4 Rad8 18. Nc5 b5 19. Rxa6 Nb8 20. Bxb5 Nxa6 21. Nxa6 Bd7 22. Bxd7 Rxd7 23. Nc5 Ra7 24. b4 Bf8 25. b5 Rb8 26. Rb1 e6 27. b6 Ra3 28. Bf4 Rxb6 29. Rxb6 Rxc3 30. Rb8 Kg7 31. Bh6+ Kxh6 32. Rxf8 Rc1+ 33. Kh2 Rd1 34. Rxf7 Rxd4 35. g3 e5 36. Ne6 Rd2 37. Nf8 g5 38. Rh7# 1-0


[Site "https://www.chess.com"]

[Event "Titled Tuesday Blitz December 27 Early 2022"]
[White "Gorodetzky, David"]
[Black "Srebrnic, Marko"]
[WhiteFideId "2813416"]
[BlackFideId "14603616"]
[WhiteElo "2485"]
[BlackElo "2366"]
[Result "1-0"]
[Round "01"]
[TimeControl "180+2"]
[Date "2022.12.27"]
[WhiteClock "0:00:46"]
[BlackClock "0:01:00"]

1. Nf3 Nf6 2. g3 g6 3. Bg2 Bg7 4. d4 O-O 5. c4 d6 6. O-O Nbd7 7. Nc3 a6 8. e4 e5 9. h3 b5 10. a3 bxc4 11. dxe5 Nxe5 12. Nxe5 dxe5 13. Qa4 Be6 14. Be3 Qb8 15. Nd5 Bxd5 16. exd5 e4 17. Qxc4 Qxb2 18. Rab1 Qe5 19. Rfd1 Rfc8 20. Rbc1 Nh5 21. d6 cxd6 22. Qxc8+ Rxc8 23. Rxc8+ Bf8 24. Bh6 Ng7 25. Rb1 d5 26. Rbb8 Qd6 27. Rxf8+ Qxf8 28. Rxf8+ Kxf8 29. Bf1 a5 30. Bb5 f5 31. Bc6 d4 32. Bd5 d3 33. Kf1 g5 34. Ke1 f4 35. gxf4 gxf4 1-0


[Site "https://www.chess.com"]

[Event "Titled Tuesday Blitz December 27 Early 2022"]
[White "Graca, Robert"]
[Black "Barbashin, Igor"]
[WhiteFideId "644943"]
[BlackFideId "4155718"]
[WhiteElo "2270"]
[BlackElo "2169"]
[Result "1-0"]
[Round "01"]
[TimeControl "180+2"]
[Date "2022.12.27"]
[WhiteClock "0:00:46"]
[BlackClock "0:01:09"]

1. Nf3 d5 2. d4 Nf6 3. c4 c6 4. Nc3 g6 5. cxd5 cxd5 6. Bg5 Bg7 7. e3 O-O 8. h3 Nc6 9. Be2 Ne4 10. Bh4 Qb6 11. O-O e6 12. Rb1 Nxc3 13. bxc3 Qa5 14. Qd2 b6 15. Rb5 Qa3 16. Rb3 Qa5 17. Bb5 Bb7 18. Rc1 Rac8 19. Qb2 Ba6 20. a4 Rfe8 21. Nd2 e5 22. Bg3 exd4 23. cxd4 Bxb5 24. axb5 Nxd4 25. exd4 Rxc1+ 26. Qxc1 Bh6 27. f4 Re1+ 28. Qxe1 1-0


[Site "https://www.chess.com"]

[Event "Titled Tuesday Blitz December 27 Early 2022"]
[White "Grigoriants, Sergey"]
[Black "Bochnicka, Vladimir"]
[WhiteFideId "4130804"]
[BlackFideId "14943450"]
[WhiteElo "2562"]
[BlackElo "2327"]
[Result "1-0"]
[Round "01"]
[TimeControl "180+2"]
[Date "2022.12.27"]
[WhiteClock "0:00:51"]
[BlackClock "0:00:47"]

1. d4 d5 2. c4 dxc4 3. e3 Nf6 4. Bxc4 e6 5. Nf3 c5 6. O-O a6 7. Bb3 Nc6 8. Nc3 Be7 9. Qe2 O-O 10. dxc5 Bxc5 11. e4 h6 12. e5 Nd7 13. Bf4 b5 14. Qe4 Bb7 15. Bc2 g6 16. Bxh6 Re8 17. Qf4 Qc7 18. Rfe1 Nb4 19. Be4 Bxe4 20. Nxe4 Be7 21. Rad1 Nc5 22. Nf6+ Kh8 23. Qh4 1-0


[Site "https://www.chess.com"]

[Event "Titled Tuesday Blitz December 27 Early 2022"]
[White "Guha, Eshan"]
[Black "Khoroshev, Nikita"]
[WhiteFideId "30958628"]
[BlackFideId "14200287"]
[WhiteElo "2071"]
[BlackElo "2336"]
[Result "0-1"]
[Round "01"]
[TimeControl "180+2"]
[Date "2022.12.27"]
[WhiteClock "0:00:11"]
[BlackClock "0:00:13"]

1. d4 Nf6 2. c4 g6 3. g3 Bg7 4. Bg2 O-O 5. Nc3 d6 6. Nf3 Bf5 7. O-O c6 8. Ng5 h6 9. e4 Bc8 10. Nf3 Nbd7 11. h3 e5 12. Be3 Qe7 13. Re1 Ne8 14. Qd2 Kh7 15. Rad1 f5 16. exf5 gxf5 17. dxe5 dxe5 18. Qc2 e4 19. Nh4 Ne5 20. Nxe4 fxe4 21. Qxe4+ Kg8 22. Bd4 Nd6 23. Qe2 Ndf7 24. f4 Be6 25. fxe5 Qg5 26. Kh2 Rad8 27. Nf3 Qh5 28. b3 Bg4 29. Qe4 Bf5 30. Qe3 c5 31. Bxc5 Rxd1 32. Rxd1 Nxe5 33. Nxe5 Qxd1 34. Bxf8 Kxf8 35. Qc5+ Ke8 36. Qc7 Bf6 37. Qb8+ Ke7 38. Qxb7+ Kd6 39. Nf3 Qe2 40. Qb4+ Kc7 41. Qc5+ Kb8 42. Qf8+ Kc7 43. Qxf6 Be4 44. Qe5+ Kb6 45. Qd4+ Kc7 46. Qe5+ Kb6 47. Qf4 Bd3 48. Qd4+ Kc7 49. Qc5+ Kb8 50. Qd6+ Kc8 51. Qc6+ Kb8 52. Qd6+ Kc8 53. Qe5 Qf2 54. Qf4 Bf1 55. Qg4+ Kb8 56. Qf4+ Kc8 57. Qf5+ Kb8 58. Qe5+ Kc8 59. Nh4 Bxg2 60. Nxg2 Qxa2 61. Qc5+ Kb8 62. Qd6+ Kb7 63. Qd7+ Kb8 64. Qd8+ Kb7 65. Qd7+ Kb8 66. Qb5+ Kc8 67. Qe8+ Kb7 68. Qe7+ Kb8 69. Qe5+ Kb7 70. Qg7+ Kb8 71. Qxh6 Qxb3 72. Qf4+ Kb7 73. c5 a5 74. Qf7+ Qxf7 75. c6+ Kxc6 76. Nf4 Qa2+ 0-1


[Site "https://www.chess.com"]

[Event "Titled Tuesday Blitz December 27 Early 2022"]
[White "Guliev, Logman"]
[Black "Shipov, Sergei"]
[WhiteFideId "13400061"]
[BlackFideId "4113624"]
[WhiteElo "2250"]
[BlackElo "2541"]
[Result "0-1"]
[Round "01"]
[TimeControl "180+2"]
[Date "2022.12.27"]
[WhiteClock "0:00:02"]
[BlackClock "0:00:16"]

1. e4 e6 2. d4 d5 3. Nd2 Be7 4. e5 c5 5. c3 cxd4 6. cxd4 Qb6 7. Ngf3 Nc6 8. Nb3 a5 9. a4 Bb4+ 10. Bd2 Bxd2+ 11. Nbxd2 Bd7 12. Bb5 Nxd4 13. Bxd7+ Kxd7 14. O-O Ne7 15. Ng5 Raf8 16. Rc1 Nec6 17. Ndf3 h6 18. Nxd4 hxg5 19. Nxc6 bxc6 20. Qd2 f6 21. Rfe1 Rh4 22. exf6 gxf6 23. Rc3 Rxa4 24. Qc2 Rb4 25. Qg6 Qd8 26. Rce3 e5 27. Qf5+ Kc7 28. Rh3 Qd6 29. Rh7+ Kb6 30. Qg6 Rc8 31. Rc1 Rxb2 32. h3 Rb4 33. g3 a4 34. Rf7 Rf8 35. Rh7 Rc4 36. Rb1+ Rb4 37. Rc1 Rc8 38. Rf7 d4 39. Rxf6 Qd5 40. Rd6 Qb5 41. Qe6 Rc7 42. Kg2 a3 43. Ra1 Rb3 0-1


[Site "https://www.chess.com"]

[Event "Titled Tuesday Blitz December 27 Early 2022"]
[White "Hardaway, Brewington"]
[Black "Manon-og, Ramon Jr."]
[WhiteFideId "30941849"]
[BlackFideId "5200776"]
[WhiteElo "2363"]
[BlackElo "1999"]
[Result "1-0"]
[Round "01"]
[TimeControl "180+2"]
[Date "2022.12.27"]
[WhiteClock "0:01:16"]
[BlackClock "0:00:05"]

1. Nf3 d5 2. e3 Nc6 3. d4 e6 4. c4 Bd7 5. Nc3 Nf6 6. Bd3 dxc4 7. Bxc4 Bd6 8. O-O O-O 9. Qc2 g6 10. e4 e5 11. d5 Nd4 12. Qd3 Nxf3+ 13. Qxf3 Bg4 14. Qg3 Qd7 15. h3 Bh5 16. Bg5 Be7 17. Qxe5 Qd6 18. Qxd6 cxd6 19. g4 Bxg4 20. hxg4 h6 21. Bxh6 Nxg4 22. Bxf8 Rxf8 23. Kg2 Bh4 24. Be2 f5 25. exf5 gxf5 26. Bxg4 fxg4 27. Ne4 Re8 28. Nxd6 Re7 29. Nf5 Rh7 30. Rh1 Bf6 31. Rxh7 Kxh7 32. d6 Be5 33. d7 Bc7 34. Rc1 Bd8 35. Rc8 Bh4 36. Re8 b6 37. Ne7 Bxe7 38. Rxe7+ Kh6 39. d8=Q Kg5 40. Qd5+ Kf4 41. Re4# 1-0


[Site "https://www.chess.com"]

[Event "Titled Tuesday Blitz December 27 Early 2022"]
[White "Hasangatin, Ramil"]
[Black "Begunov, Konstantin"]
[WhiteFideId "4122160"]
[BlackFideId "4118510"]
[WhiteElo "2457"]
[BlackElo "2325"]
[Result "0-1"]
[Round "01"]
[TimeControl "180+2"]
[Date "2022.12.27"]
[WhiteClock "0:00:02"]
[BlackClock "0:00:05"]

1. e4 c5 2. Nf3 d6 3. d4 cxd4 4. Qxd4 Nc6 5. Bb5 Bd7 6. Bxc6 Bxc6 7. Nc3 Nf6 8. Bg5 e6 9. O-O-O Be7 10. Rhe1 O-O 11. Qd2 Qa5 12. Kb1 Kh8 13. Nd4 Rfc8 14. f3 Rab8 15. h4 b5 16. g4 b4 17. Nce2 Bb5 18. Ng3 Rb6 19. Nb3 Qa4 20. Nh5 Ra6 21. Nc1 Rac6 22. b3 Qa3 23. Bxf6 Bxf6 24. Nxf6 Rxc2 25. Qxc2 Rxc2 26. Kxc2 gxf6 27. Rxd6 Qa5 28. Red1 Qc7+ 29. Kb1 Qc3 30. Nd3 a5 31. g5 Kg7 32. gxf6+ Kxf6 33. f4 a4 34. bxa4 Bxa4 35. Rc1 Qd2 36. e5+ Kg7 37. Rc5 b3 38. Nb2 Qe1+ 39. Rc1 Qe4+ 40. Ka1 bxa2 41. Nxa4 Qxa4 42. f5 exf5 43. Rdc6 Qd4+ 44. Kxa2 Qxe5 45. R6c5 Qe6+ 46. Ka3 Qe3+ 47. Kb4 f4 48. R1c3 Qe1 49. Rg5+ Kh6 50. Kb3 f6 51. Rgc5 Qb1+ 52. Kc4 Qe4+ 53. Kb5 f3 54. R5c4 Qe2 55. Kb4 f2 56. Rf4 Qe7+ 57. Kb3 Qe6+ 0-1


[Site "https://www.chess.com"]

[Event "Titled Tuesday Blitz December 27 Early 2022"]
[White "Heinemann, Josefine"]
[Black "Ozen, Bahadir"]
[WhiteFideId "12900460"]
[BlackFideId "6337058"]
[WhiteElo "2289"]
[BlackElo "2369"]
[Result "0-1"]
[Round "01"]
[TimeControl "180+2"]
[Date "2022.12.27"]
[WhiteClock "0:00:09"]
[BlackClock "0:00:13"]

1. Nf3 Nf6 2. g3 d6 3. Bg2 e5 4. d3 Be7 5. O-O O-O 6. c4 Nbd7 7. Nc3 a5 8. a3 c6 9. Rb1 Re8 10. b4 axb4 11. axb4 Nf8 12. b5 Bd7 13. bxc6 bxc6 14. Bd2 Ne6 15. Ng5 Nxg5 16. Bxg5 Qc7 17. Qd2 h6 18. Bxf6 Bxf6 19. Rb3 Reb8 20. Rfb1 Rxb3 21. Rxb3 Rb8 22. Rxb8+ Qxb8 23. h4 Bd8 24. d4 exd4 25. Qxd4 Bf6 26. Qd3 Be5 27. Ne4 f5 28. Nd2 Qb4 29. Nf3 Bf6 30. Bh3 Qc5 31. Kg2 Be6 32. Nd2 Kf7 33. h5 Ke7 34. e4 Qd4 35. Qxd4 Bxd4 36. Bxf5 Bf7 37. Bg6 Bg8 38. Nf3 Bc3 39. e5 Bxc4 40. exd6+ Kxd6 41. Be4 c5 42. Nh2 Be2 43. Bc2 c4 44. f3 Bd4 45. Ng4 Kc5 46. Nf2 Kb4 47. Ne4 Ka3 48. Nd6 Kb2 49. Be4 c3 50. f4 c2 51. Bxc2 Kxc2 52. Nf5 Bb2 53. g4 Kd3 54. Kg3 Ke4 55. Nd6+ Kd5 56. Nf7 Ke6 57. Nh8 Bd3 58. g5 Bf5 59. gxh6 gxh6 60. Ng6 Kf6 61. Nh4 Be6 62. Nf3 Bf7 63. Ne5 Bxh5 64. Ng4+ Kg7 65. Kh4 Bg6 66. Ne5 Bf5 67. Nf3 Bc1 68. Kg3 Kf6 69. Nh4 Bd7 70. Nf3 Kf5 71. Nh4+ Ke4 72. Ng2 Bf5 73. Nh4 Bxf4+ 74. Kf2 Bh7 75. Nf3 h5 76. Ng1 Be3+ 77. Kg2 Kf4 78. Nh3+ Kf5 79. Ng1 Kg4 80. Nf3 Be4 81. Kh2 Kxf3 82. Kh3 Bg6 83. Kh4 Kf4 84. Kh3 Kg5 85. Kg3 Bd4 86. Kh3 Bh8 87. Kg3 h4+ 88. Kh3 Kh5 89. Kh2 Kg4 90. Kg2 h3+ 91. Kh2 Kh4 92. Kh1 Kg3 93. Kg1 h2+ 94. Kh1 Be4# 0-1


[Site "https://www.chess.com"]

[Event "Titled Tuesday Blitz December 27 Early 2022"]
[White "Herman, Daniel"]
[Black "Ratnesan, Ranesh"]
[WhiteFideId "30935008"]
[BlackFideId "439339"]
[WhiteElo "1956"]
[BlackElo "2260"]
[Result "1-0"]
[Round "01"]
[TimeControl "180+2"]
[Date "2022.12.27"]
[WhiteClock "0:02:26"]
[BlackClock "0:01:45"]

1. b3 c5 2. Bb2 Nc6 3. Nf3 Nf6 4. e3 g6 5. d4 cxd4 6. exd4 d5 7. Be2 Bg7 8. O-O O-O 9. c4 Bf5 10. Nc3 Rc8 11. a3 Qd6 12. c5 Qc7 13. b4 e5 14. Nb5 Qb8 15. Nxe5 Nxe5 16. dxe5 Ng4 17. Bxg4 1-0


[Site "https://www.chess.com"]

[Event "Titled Tuesday Blitz December 27 Early 2022"]
[White "Hirneise, Jens"]
[Black "Deac, Bogdan-Daniel"]
[WhiteFideId "24614734"]
[BlackFideId "1226380"]
[WhiteElo "2277"]
[BlackElo "2700"]
[Result "0-1"]
[Round "01"]
[TimeControl "180+2"]
[Date "2022.12.27"]
[WhiteClock "0:00:19"]
[BlackClock "0:00:48"]

1. d4 g6 2. e4 Bg7 3. Nc3 c5 4. Nf3 Qa5 5. dxc5 Bxc3+ 6. bxc3 Qxc3+ 7. Bd2 Qxc5 8. Bd3 d6 9. O-O Nf6 10. Qe2 Nc6 11. Bh6 Bg4 12. Bg7 Rg8 13. Bxf6 exf6 14. Bb5 O-O-O 15. Bxc6 Qxc6 16. Qe3 Bxf3 17. Qxf3 f5 18. exf5 Qxf3 19. gxf3 gxf5+ 20. Kh1 Rde8 21. Rad1 Re2 22. Rxd6 Rxc2 23. Rf6 Rg7 24. a4 Rc4 25. Rxf5 Rxa4 26. Rc5+ Kb8 27. Re1 a6 28. Rb1 Ra2 29. Re5 f6 30. Re6 Rxf2 31. Rxf6 Ka7 32. h4 Rc7 33. Kg1 Ra2 34. h5 b5 35. h6 b4 36. Re6 a5 37. Kf1 Rb7 38. Rd1 Rc7 39. Rdd6 Rc1+ 40. Re1 Rxe1+ 41. Kxe1 b3 42. Rd7+ Kb6 43. Rd8 0-1


[Site "https://www.chess.com"]

[Event "Titled Tuesday Blitz December 27 Early 2022"]
[White "Hoffmann, Asa"]
[Black "Matinian, Nikita"]
[WhiteFideId "2001470"]
[BlackFideId "24129100"]
[WhiteElo "2185"]
[BlackElo "2407"]
[Result "1/2-1/2"]
[Round "01"]
[TimeControl "180+2"]
[Date "2022.12.27"]
[WhiteClock "0:00:13"]
[BlackClock "0:00:09"]

1. d4 Nf6 2. Bg5 d5 3. Nd2 e6 4. e3 Be7 5. Bd3 b6 6. f4 Ba6 7. Bxa6 Nxa6 8. c3 O-O 9. Ngf3 c5 10. Ne5 Nc7 11. O-O Nce8 12. a4 h6 13. Bh4 Qc7 14. Qf3 Nd6 15. Bxf6 Bxf6 16. g4 Bd8 17. Kh1 f6 18. Nd3 c4 19. Nf2 f5 20. gxf5 Rxf5 21. e4 dxe4 22. Nfxe4 Rc8 23. Rae1 Nxe4 24. Qxe4 Rf6 25. Nf3 Qxf4 26. Qxf4 Rxf4 27. Rxe6 Bh4 28. Kg2 Rcf8 29. d5 Bd8 30. d6 Rg4+ 31. Kh3 h5 32. Nd2 Rh4+ 33. Kg3 Rg4+ 34. Kh3 Rh4+ 35. Kg2 Rg4+ 36. Kh1 Rxf1+ 37. Nxf1 Kf7 38. Re5 Rg6 39. Rxh5 Rxd6 40. Ne3 Rc6 41. Rd5 Bf6 42. Kg2 Ke6 43. Kf3 a6 44. Rd1 Rc5 45. Rg1 b5 46. axb5 axb5 47. Rg4 Rh5 48. Kg2 Kd6 49. Re4 Kc5 50. Ng4 b4 51. Nxf6 gxf6 52. Rf4 f5 53. h4 b3 54. Kg3 Kb5 55. Rd4 Rh8 56. Rf4 Rg8+ 57. Kf3 Rd8 58. Rxf5+ Kb6 59. Rf6+ Kb5 60. Rf5+ Kb6 61. h5 Rd2 62. Rf4 Rxb2 63. Rxc4 Rh2 64. Rb4+ Kc5 65. Rxb3 Rxh5 66. Rb8 Kc4 67. Rc8+ Rc5 68. Rxc5+ Kxc5 69. Ke4 Kc4 70. Kf5 Kxc3 1/2-1/2


[Site "https://www.chess.com"]

[Event "Titled Tuesday Blitz December 27 Early 2022"]
[White "Ilkhomi, Jaloliddin"]
[Black "Jenkins, Drake"]
[WhiteFideId "14700948"]
[BlackFideId "2022397"]
[WhiteElo "1997"]
[BlackElo "2130"]
[Result "1-0"]
[Round "01"]
[TimeControl "180+2"]
[Date "2022.12.27"]
[WhiteClock "0:00:18"]
[BlackClock "0:00:01"]

1. d4 Nf6 2. Nf3 g6 3. g3 c5 4. e3 Bg7 5. Bg2 O-O 6. b3 cxd4 7. exd4 d5 8. Bb2 Nc6 9. O-O Bf5 10. a3 Rc8 11. Nbd2 Ne4 12. Rc1 Bh6 13. Re1 Qa5 14. b4 Qc7 15. c4 Nxd2 16. Nxd2 dxc4 17. Rxc4 Qd7 18. Nb3 b6 19. d5 Nb8 20. Qd4 f6 21. Rxc8 Rxc8 22. h3 Qd6 23. g4 Bd7 24. Nd2 Bxd2 25. Qxd2 Nc6 26. g5 Ne5 27. Bxe5 fxe5 28. Qe3 Rc2 29. Be4 Ra2 30. Qf3 a5 31. Qc3 axb4 32. axb4 Kg7 33. Bg2 Kf7 34. Rf1 Bb5 35. Re1 Ra4 36. Qf3+ Kg7 37. Qe4 Rxb4 38. Qxe5+ Qxe5 39. Rxe5 Kf7 40. Re6 Rb1+ 41. Kh2 Bc4 42. Rc6 b5 43. Rc7 Rb2 44. d6 Ke8 45. Bc6+ Kd8 46. Rd7+ 1-0


[Site "https://www.chess.com"]

[Event "Titled Tuesday Blitz December 27 Early 2022"]
[White "Iskusnyh, Sergei"]
[Black "Roque Sola, Jose Luis"]
[WhiteFideId "4120027"]
[BlackFideId "5120390"]
[WhiteElo "2440"]
[BlackElo "2217"]
[Result "1-0"]
[Round "01"]
[TimeControl "180+2"]
[Date "2022.12.27"]
[WhiteClock "0:00:38"]
[BlackClock "0:00:04"]

1. d4 Nf6 2. c4 g6 3. g3 Bg7 4. Bg2 d5 5. Nc3 c6 6. Nf3 O-O 7. Qb3 Na6 8. O-O dxc4 9. Qxc4 Be6 10. Qa4 Qd7 11. Rd1 Bh3 12. Bh1 Nd5 13. Nxd5 cxd5 14. Qxd7 Bxd7 15. Ne5 Bxe5 16. dxe5 e6 17. Be3 b6 18. Rac1 Rac8 19. Bh6 Rfe8 20. e4 Bc6 21. exd5 exd5 22. Bxd5 Bxd5 23. Rxc8 Rxc8 24. Rxd5 Nb4 25. Rd7 Nxa2 26. Rxa7 Nb4 27. Rb7 Nd5 28. Kg2 Re8 29. Rd7 Ne7 30. g4 Nc8 31. f4 Ne7 32. Bg5 Nc6 33. Rd6 1-0


[Site "https://www.chess.com"]

[Event "Titled Tuesday Blitz December 27 Early 2022"]
[White "Janaszak, Dawid"]
[Black "Korobov, Anton"]
[WhiteFideId "1119206"]
[BlackFideId "14105730"]
[WhiteElo "2316"]
[BlackElo "2664"]
[Result "1/2-1/2"]
[Round "01"]
[TimeControl "180+2"]
[Date "2022.12.27"]
[WhiteClock "0:00:19"]
[BlackClock "0:01:00"]

1. e4 c5 2. Nc3 d6 3. d4 cxd4 4. Qxd4 Nc6 5. Qd2 Nf6 6. b3 a6 7. Bb2 b5 8. f3 e6 9. O-O-O Be7 10. g4 O-O 11. Kb1 Nd7 12. g5 Bxg5 13. f4 Be7 14. Nf3 Nc5 15. Rg1 g6 16. f5 b4 17. Qh6 Bf6 18. Ng5 Bxg5 19. Rxg5 Ne5 20. Be2 bxc3 21. Rh5 gxh5 22. Rg1+ Ng6 23. fxg6 fxg6 24. Rxg6+ hxg6 25. Qxg6+ Kh8 26. Qh6+ Kg8 27. Qg6+ Kh8 28. Bxc3+ e5 29. Qh6+ Kg8 30. Qg6+ Kh8 31. Qh6+ Kg8 32. Qg6+ Kh8 1/2-1/2


[Site "https://www.chess.com"]

[Event "Titled Tuesday Blitz December 27 Early 2022"]
[White "Jaracz, Pawel"]
[Black "Fernandez Garcia, Gumersindo"]
[WhiteFideId "1102222"]
[BlackFideId "24516740"]
[WhiteElo "2467"]
[BlackElo "2160"]
[Result "1-0"]
[Round "01"]
[TimeControl "180+2"]
[Date "2022.12.27"]
[WhiteClock "0:01:32"]
[BlackClock "0:00:09"]

1. d4 Nf6 2. Nc3 e6 3. e4 Bb4 4. e5 Nd5 5. Qg4 Kf8 6. Bd2 c5 7. a3 Bxc3 8. bxc3 Nc6 9. Nf3 d6 10. Bd3 dxe5 11. dxe5 h6 12. O-O b6 13. h4 Bb7 14. c4 Nde7 15. Bc3 Nd4 16. Nxd4 cxd4 17. Qxd4 Qxd4 18. Bxd4 Nc6 19. Bc3 Ke7 20. f4 g6 21. h5 Rhg8 22. hxg6 fxg6 23. Rab1 Rab8 24. Rf3 g5 25. f5 exf5 26. Rxf5 Nd8 27. Rf6 Ne6 28. Bb4+ Kd7 29. Bf5 Rbe8 30. Rd1+ 1-0


[Site "https://www.chess.com"]

[Event "Titled Tuesday Blitz December 27 Early 2022"]
[White "Jiganchine, Roman"]
[Black "Usmanov, Vasily"]
[WhiteFideId "2603667"]
[BlackFideId "4135741"]
[WhiteElo "2205"]
[BlackElo "2450"]
[Result "0-1"]
[Round "01"]
[TimeControl "180+2"]
[Date "2022.12.27"]
[WhiteClock "0:00:02"]
[BlackClock "0:01:45"]

1. e4 c5 2. Nf3 e6 3. g3 Nc6 4. Bg2 d5 5. exd5 exd5 6. O-O Bd6 7. d4 c4 8. b3 cxb3 9. axb3 Nge7 10. Na3 O-O 11. c3 a6 12. Nc2 h6 13. Ne3 Re8 14. Qd3 Be6 15. Nh4 Qd7 16. Bb2 Bh3 17. Rfe1 Bxg2 18. Kxg2 Nd8 19. Re2 Ne6 20. Rae1 Qc6 21. Nhf5 Nxf5 22. Qxf5 Nc7 23. Qg4 Re4 24. Qf3 Rae8 25. Nf5 Bf8 26. c4 Rxe2 27. Rxe2 Rxe2 28. Qxe2 dxc4+ 29. Kg1 cxb3 30. d5 Nxd5 31. Qe5 Qf6 32. Nxh6+ gxh6 33. Qxf6 Nxf6 34. Bxf6 Bg7 0-1


[Site "https://www.chess.com"]

[Event "Titled Tuesday Blitz December 27 Early 2022"]
[White "Jimenez Almeida, Luis David"]
[Black "Svane, Frederik"]
[WhiteFideId "22242244"]
[BlackFideId "12923044"]
[WhiteElo "2242"]
[BlackElo "2600"]
[Result "1-0"]
[Round "01"]
[TimeControl "180+2"]
[Date "2022.12.27"]
[WhiteClock "0:00:02"]
[BlackClock "0:00:01"]

1. e4 c5 2. Nc3 e6 3. Nge2 Nc6 4. g3 d5 5. Bg2 Nf6 6. d3 Be7 7. O-O O-O 8. h3 h6 9. f4 dxe4 10. dxe4 Qxd1 11. Rxd1 Nb4 12. e5 Nfd5 13. Be4 f5 14. Bxd5 exd5 15. Nxd5 Nxd5 16. Rxd5 Be6 17. Rd1 a5 18. a4 Kf7 19. Be3 Rfd8 20. Kf2 b6 21. b3 Bd7 22. c4 Bc6 23. Nc3 Ke6 24. g4 Bh4+ 25. Ke2 g5 26. gxf5+ Kxf5 27. fxg5 hxg5 28. Rg1 Re8 29. Raf1+ Kxe5 30. Bxg5 Kd6+ 31. Kd2 Bxg5+ 32. Rxg5 Re6 33. Rfg1 Rh8 34. R1g3 Rh4 35. Nb5+ Bxb5 36. axb5 Reh6 37. Rg6+ Ke5 38. Rxh6 Rxh6 39. Ke3 Rh4 40. Kf3 Rd4 41. Rg5+ Kf6 42. Rg3 Kf5 43. Ke3 Rd1 44. Rf3+ Ke5 45. Rg3 Rb1 46. Kd2 Rh1 47. Kc2 Rh2+ 48. Kc3 Kd6 49. Rg6+ Kc7 50. Rh6 Rf2 51. h4 Rf3+ 52. Kb2 Rh3 53. Ka3 Rh1 54. Rh7+ Kd6 55. h5 Rh2 56. h6 Ke5 57. Rh8 Kd4 58. Rd8+ Kc3 59. Rd6 Rh1 60. Ka2 Kb4 61. Rxb6 Rh2+ 62. Kb1 Kxb3 63. Kc1 Kxc4 64. Rg6 Kxb5 65. Kb1 Kb4 66. Rg4+ c4 67. Rg6 1-0


[Site "https://www.chess.com"]